 Dungeon Crawl Stone Soup version 0.25-a0-10-g2fe12d4 (webtiles) character file.

Game seed: 6490947073820716233, levelgen mode: deterministic

186 Lianjan the Chucker (level 5, -5/50 HPs)
             Began as a Troll Hunter on Oct 16, 2019.
             Was an Initiate of Ashenzari.
             Killed from afar by an orc wizard (8 damage)
             ... with a puff of frost
             ... on level 4 of the Dungeon.
             The game lasted 00:03:46 (2378 turns).

Lianjan the Chucker (Troll Hunter)                  Turns: 2378, Time: 00:03:46

Health: -5/50      AC:  6    Str: 20    XL:     5   Next: 38%
Magic:  0/4        EV: 10    Int:  8    God:    Ashenzari [......]
Gold:   155        SH:  0    Dex: 10    Spells: 4/4 levels left

rFire    . . .     SeeInvis .     - Unarmed
rCold    . . .     Gourm    +   (no shield)
rNeg     . . .     Faith    .   b - +0 robe
rPois    .         Spirit   +   (helmet restricted)
rElec    .         Reflect  .   l - scarf {Spirit}
rCorr    .         Harm     .   (gloves unavailable)
MR       .....                  (boots unavailable)
Stlth    +.........             (no amulet)
HPRegen  0.56/turn              (no ring)
MPRegen  0.09/turn              (no ring)

@: no status effects
A: large, unfitting armour, claws 3, fast metabolism 3, gourmand, regeneration
1, shaggy fur 1, tough skin 3
a: Curse Item, Renounce Religion


You were on level 4 of the Dungeon.
You worshipped Ashenzari.
Ashenzari was noncommittal.
You were not hungry.

You visited 1 branch of the dungeon, and saw 4 of its levels.

You collected 155 gold pieces.

Inventory:

Missiles
 c - 5 large rocks
 d - 2 throwing nets
 h - 78 stones (quivered)
 r - 16 poisoned darts
Armour
 b - a +0 robe (worn)
 l - a scarf of spirit shield (worn)
Wands
 o - a wand of flame (18)
Scrolls
 e - 2 scrolls of identify {unknown}
 g - a scroll of enchant weapon {unknown}
 i - 3 scrolls of remove curse
 k - a scroll of teleportation {unknown}
 m - a scroll of noise {unknown}
 n - 2 scrolls of enchant armour {unknown}
 q - a scroll of blinking {unknown}
Potions
 a - 3 potions of haste {unknown}
 j - a potion of degeneration {unknown}
 p - a potion of curing {unknown}
Comestibles
 f - 11 rations


   Skills:
 + Level 2.5 Fighting
 * Level 4.7 Throwing
 + Level 2.4 Dodging
 - Level 0.3 Stealth
 + Level 2.0 Unarmed Combat


You had 4 spell levels left.
You didn't know any spells.
Your spell library contained the following spells:

 Spells                   Type           Power        Failure   Level  Hunger
 Confusing Touch          Hex            #.....       41%         1    ##.....
 Confuse                  Hex            #.......     78%         3    ####...
 Gell's Gravitas          Tloc           #.........   78%         3    ####...
 Petrify                  Tmut/Erth      #.......     99%         4    #####..
 Metabolic Englaciation   Hex/Ice        #.........   100%        5    ######.
 Yara's Violent Unravell  Hex/Tmut       #.........   100%        5    ######.


Dungeon Overview and Level Annotations

Branches:
Dungeon (4/15)
 Temple: D:4-7

Altars:
Ashenzari
Gozag
Hepliaklqana


Innate Abilities, Weirdness & Mutations

You are too large for most types of armour.
You have claws for hands.
Your metabolism is lightning-fast.
You like to eat raw meat.
Your natural rate of healing is unusually fast.
You are covered in fur. (AC +1)
You have extremely tough skin. (AC +3)


Message History

You closely miss something. Something hits you.
* * * LOW HITPOINT WARNING * * *
You closely miss something. Something hits you.
* * * LOW HITPOINT WARNING * * *
You barely miss something. Your claw misses something.
Something hits you but does no damage. x2
You miss something. Something hits you but does no damage.
You miss something. Something hits you.
* * * LOW HITPOINT WARNING * * *
Something hits you but does no damage.
You miss something. You barely miss something. Something hits you.
* * * LOW HITPOINT WARNING * * *
Something hits you but does no damage.
You completely miss something. Something hits you but does no damage.
You barely miss something.
You hear some strange, mumbled words.
A puff of frost appears from out of thin air!
The puff of frost hits you!
You die...

#.#......<# #.#.#######
######.#.#######.#
..................
............#####
#......#.#..#.####..#
.........#..........#
#...........#######.#.##
..........>.....@{o.....
####........#########.##
#........#..
#........#.#
#........#.#
##+#.....#.# #.#.....#.#
#.......#'######
###....#.......#


You could see an orc.

Vanquished Creatures
  3 orc wizards (D:4)
  An iguana (D:4)
  A hound zombie (D:4)
  2 adders
  A worm (D:2)
  A dart slug (D:1)
  2 leopard geckos (D:1)
  3 orcs
  5 bats
  2 giant cockroaches
  4 goblins
  A hobgoblin (D:3)
  5 kobolds
  A quokka (D:2)
  A ball python (D:3)
  4 frilled lizards
  2 rats (D:3)
39 creatures vanquished.

Notes
Turn   | Place    | Note
-------+----------+-------------------------------------------
     0 | D:1      | Lianjan the Troll Hunter began the quest for the Orb.
     0 | D:1      | Reached XP level 1. HP: 19/19 MP: 0/0
   103 | D:1      | Reached XP level 2. HP: 28/28 MP: 1/1
   489 | D:2      | Found an opulent altar of Gozag.
   497 | D:2      | Found a shattered altar of Ashenzari.
   509 | D:2      | Became a worshipper of Ashenzari the Shackled
   633 | D:2      | Found a hazy altar of Hepliaklqana.
   882 | D:2      | Reached skill level 4 in Throwing
   943 | D:2      | Reached skill level 1 in Unarmed Combat
  1109 | D:2      | Reached XP level 3. HP: 35/35 MP: 2/2
  2155 | D:4      | Reached XP level 4. HP: 42/42 MP: 3/3
  2228 | D:4      | Reached XP level 5. HP: 34/50 MP: 1/4
  2376 | D:4      | HP: 2/50 [something (3)]
  2378 | D:4      | Killed from afar by an orc wizard

Levels and vault maps discovered:
D:1:      ncdulo_smallfort, layout_basic
D:2:      layout_basic, nicolae_gozag_cash_rules_everything_around_me,
          old_standard_altar, ashenzari_altar_1, first_ration
D:3:      layout_loops_corners
D:4:      layout_basic, lemuel_coloured_pillars_altar, cheibriados_altar_1

Skill      XL: |  1  2  3  4  5 |
---------------+----------------+-----
Throwing       | 4 |  4.7
Unarmed Combat | 1 2 |  2.0
Dodging        | 2 |  2.4
Fighting       | 2 |  2.5
Stealth        | |  0.3

Action                   |  1- 3 |  4- 6 || total
-------------------------+-------+-------++-------
Melee: Unarmed           |   117 |    51 ||   168
       Punch             |       |     1 ||     1
Throw: Stone             |     7 |       ||     7
  Eat: Chunk             |    16 |     3 ||    19
Armor: Robe              |    46 |    13 ||    59
Dodge: Dodged            |    60 |    14 ||    74

Table legend:
 A = Non-vault XP
 B = Vault XP
 C = Vault XP percentage of total XP
 D = Non-vault monster count
 E = Vault monster count
 F = Vault count percentage of total count
                 A         B        C        D         E       F
            +---------+---------+-------+---------+---------+-------
      Total |     267 |       0 |   0.0 |      39 |       0 |   0.0
            +---------+---------+-------+---------+---------+-------
        D:1 |      21 |       0 |   0.0 |      10 |       0 |   0.0
        D:2 |      36 |       0 |   0.0 |      13 |       0 |   0.0
        D:3 |      24 |       0 |   0.0 |       9 |       0 |   0.0
        D:4 |     186 |       0 |   0.0 |       7 |       0 |   0.0
            +---------+---------+-------+---------+---------+-------
